 Dungeon Crawl Stone Soup version 0.31.0-11-ge490571c62 (webtiles) character file.

Game seed: 11205609635828915335

53 qw the Shooter (level 3, 0/20 HPs)
             Began as a Deep Elf Hunter on Feb 4, 2024.
             Succumbed to their own poison gas
             ... on level 2 of the Dungeon.
             The game lasted 00:00:03 (1101 turns).

qw the Shooter (Deep Elf Hunter)                    Turns: 1101, Time: 00:00:04

Health: 0/20       AC:  7    Str: 10      XL:     3   Next: 64%
Magic:  5/5        EV: 12    Int: 12 (13) God:
Gold:   122        SH:  0    Dex: 18      Spells: 2/2 levels left

rFire   . . .        a - +0 shortbow
rCold   . . .        (shield currently unavailable)
rNeg    . . .        c - +0 leather armour
rPois   .            (no helmet)
rElec   .            (no cloak)
rCorr   .            (no gloves)
SInv    .            (no boots)
Will    .....        (no amulet)
Stlth   ++           h - +4 ring of protection
HPRegen 0.23/turn    (no ring)
MPRegen 0.09/turn

%: no passive effects
@: brilliant, lethally poisoned (0 -> -1)
A: deterioration 1
a: no special abilities


You were on level 2 of the Dungeon.
You visited 1 branch of the dungeon, and saw 2 of its levels.

You collected 122 gold pieces.


Innate Abilities, Weirdness & Mutations

Your body sometimes deteriorates upon taking damage.


   Skills:
 - Level 1.5 Fighting
 + Level 7.1 Ranged Weapons
 - Level 2.4 Dodging
 - Level 1.2 Stealth


You had 2 spell levels left.
You didn't know any spells.
Your spell library was empty.

Inventory:

Hand Weapons
 a - a +0 shortbow (weapon)
Armour
 c - a +0 leather armour (worn)
Jewellery
 h - a +4 ring of protection (left hand)
Scrolls
 d - 2 scrolls of teleportation
Potions
 b - a potion of cancellation
 e - 2 potions of mutation
 g - a potion of enlightenment {unknown}
 k - a potion of magic {unknown}

Dungeon Overview and Level Annotations

Branches:
Dungeon (2/15)

Altars:


Message History

1090 ||| DROPPING scroll of poison.
You drop a scroll of poison.
Done exploring.
1091 ||| DROPPING potion of brilliance.
You drop a potion of brilliance.
Done exploring.
1092 ||| DROPPING scroll of amnesia.
You drop a scroll of amnesia.
Done exploring.
What level of the Dungeon? (default 2, ? - help) Sorry, I don't know how to get there.
Enter note:
Enter note:
Enter note:
Enter note:
Enter note:
Enter note:
Enter note:
Enter note:
Enter note:
Enter note:
Enter note:
Enter note: You are engulfed in poison gas.
You are poisoned.
Your body deteriorates!
You feel dopey.
You feel very sick.
1094 ||| Stepping ~*~*~tactically~*~*~ (cloud).
You feel very sick.
Things that are here:
a scroll of amnesia; a potion of brilliance; a scroll of poison
There is a lethal amount of poison in your body!
You feel sick.
There is a lethal amount of poison in your body!
You feel sick.
There is a lethal amount of poison in your body!
You feel sick.
There is a lethal amount of poison in your body!
You feel sick.
There is a lethal amount of poison in your body!
You feel sick.
There is a lethal amount of poison in your body!
You feel sick.
There is a lethal amount of poison in your body!
You die...

######..........##
.........00.0(...#
.........000.....#
.........0..0....#
................##
#.<###....000.0##
..<###.#.##....###
...##..#.####....##
...##.##.# #0..@.#
.###..#..# #######
.##..#..#######
..........#...##
....##.........##
...##...........#
................#
..###...........#
..# ##.........##


There were no monsters in sight!

Vanquished Creatures
  2 adders (D:2)
  3 ball pythons
  3 endoplasms
  3 giant cockroaches
  4 goblins
  3 hobgoblins
  2 jackals (D:2)
  A quokka (D:2)
  6 bats
  3 frilled lizards (D:2)
  3 rats (D:2)
33 creatures vanquished.

Notes
Turn   | Place    | Note
-------+----------+-------------------------------------------
     0 | D:1      | qw the Deep Elf Hunter began the quest for the Orb.
     0 | D:1      | Reached XP level 1. HP: 12/12 MP: 3/3
     0 | D:1      | 0 ||| qw: Version: 0.3-a-160-g6735b56
     0 | D:1      | 0 ||| qw: Game counter: 5317
     0 | D:1      | 0 ||| qw: Melee chars always use a shield: true
     0 | D:1      | 0 ||| qw: God list: Okawaru
     0 | D:1      | 0 ||| qw: Allow faded altars: false
     0 | D:1      | 0 ||| qw: Do Orc after clearing Dungeon:15 true
     0 | D:1      | 0 ||| qw: Do second Lair branch before Depths: true
     0 | D:1      | 0 ||| qw: Lair rune preference: random
     0 | D:1      | 0 ||| qw: Goals: Normal
     0 | D:1      | 0 ||| PLANNING D:1-11
   252 | D:1      | Reached skill level 6 in Ranged Weapons
   252 | D:1      | Reached XP level 2. HP: 16/16 MP: 4/4
   591 | D:1      | 591 ||| READING 2 scrolls labelled TON GIURIP RONYKH.
   596 | D:1      | 596 ||| READING scroll labelled TIEPSU IGOTA.
   597 | D:1      | 597 ||| READING scroll labelled XEAD VICLI.
   598 | D:1      | 598 ||| DROPPING scroll of butterflies.
   742 | D:2      | Reached XP level 3. HP: 17/20 MP: 5/5
   903 | D:2      | Reached skill level 7 in Ranged Weapons
  1084 | D:2      | 1084 ||| UPGRADING to +4 ring of protection.
  1085 | D:2      | 1085 ||| READING 2 scrolls labelled TUESEAREOP.
  1086 | D:2      | 1086 ||| READING 2 scrolls labelled SUADYG WODO.
  1087 | D:2      | 1087 ||| READING scroll labelled MUUFEREWOM.
  1087 | D:2      | 1087 ||| IDENTIFYING orange potion
  1088 | D:2      | 1088 ||| DRINKING 3 murky inky potions.
  1088 | D:2      | Gained mutation: Your body sometimes deteriorates upon
                  | taking damage. [potion of mutation]
  1089 | D:2      | 1089 ||| DRINKING 2 sedimented cyan potions.
  1090 | D:2      | 1090 ||| DROPPING scroll of poison.
  1091 | D:2      | 1091 ||| DROPPING potion of brilliance.
  1092 | D:2      | 1092 ||| DROPPING scroll of amnesia.
  1094 | D:2      | 1094 ||| Stepping ~*~*~tactically~*~*~ (cloud).
  1096 | D:2      | HP: 5/20 [poisoned by you (poison gas)]
  1098 | D:2      | HP: 2/20 [poisoned by you (poison gas)]
  1101 | D:2      | Succumbed to their own poison gas

Levels and vault maps discovered:
D:1:      moated_graveyard_arrival, layout_loops_ring, chequers_decorated_corner
D:2:      layout_rooms

Skill      XL: |  1  2  3 |
---------------+----------+-----
Ranged Weapons | 6 7 |  7.1
Fighting       | |  1.5
Dodging        | |  2.4
Stealth        | |  1.2

Action                     || total
---------------------------++-------
   Fire: Shortbow          ||    79
    Use: Scroll            ||     6
         Potion            ||     2
 Armour: Leather armour    ||    13
  Dodge: Dodged            ||    20

Table legend:
 A = Non-vault XP
 B = Vault XP
 C = Vault XP percentage of total XP
 D = Non-vault monster count
 E = Vault monster count
 F = Vault count percentage of total count
                 A         B        C        D         E       F
            +---------+---------+-------+---------+---------+-------
      Total |      77 |       0 |   0.0 |      33 |       0 |   0.0
            +---------+---------+-------+---------+---------+-------
        D:1 |      16 |       0 |   0.0 |      10 |       0 |   0.0
        D:2 |      61 |       0 |   0.0 |      23 |       0 |   0.0
            +---------+---------+-------+---------+---------+-------
